 Dungeon Crawl Stone Soup version 0.29-a0-322-g68df515428 (webtiles) character file.

Game seed: 14868837307474639050

5 Flugslaktarn the Stinger (level 1, 0/13 HPs)
             Began as a Human Venom Mage on Apr 6, 2022.
             Was a Follower of Jiyva.
             Killed from afar by a dart slug (3 damage)
             ... with a slug dart
             ... on level 2 of the Dungeon.
             The game lasted 00:00:48 (162 turns).

Flugslaktarn the Stinger (Human Venom Mage)          Turns: 162, Time: 00:00:49

Health: 0/13       AC:  2    Str:  8    XL:     1   Next: 88%
Magic:  1/3        EV: 12    Int: 15    God:    Jiyva [*.....]
Gold:   35         SH:  0    Dex: 13    Spells: 3/4 levels left

rFire   . . .      SeeInvis .   (no weapon)
rCold   . . .      Faith    .   (no shield)
rNeg    . . .      Spirit   .   a - +0 robe
rPois   .          Reflect  .   (no helmet)
rElec   .          Harm     .   (no cloak)
rCorr   .          Rampage  .   (no gloves)
Will    .....                   (no boots)
Stlth   ++........              (no amulet)
HPRegen 0.84/turn               (no ring)
MPRegen 0.33/turn               (no ring)

@: no status effects
A: no striking features
a: Renounce Religion


You were on level 2 of the Dungeon.
You worshipped Jiyva.
Jiyva was aware of your devotion.
You visited 1 branch of the dungeon, and saw 2 of its levels.

You collected 35 gold pieces.

Inventory:

Armour
 a - a +0 robe (worn)
Scrolls
 e - a scroll of identify {unknown}
Potions
 b - a potion of magic
 c - a potion of curing {unknown}
 d - a potion of mutation {unknown}


   Skills:
 - Level 2.0 Dodging
 - Level 2.0 Stealth
 - Level 2.0 Spellcasting
 + Level 1.8 Transmutations
 - Level 3.0 Poison Magic


You had 3 spell levels left.
You knew the following spells:

 Your Spells              Type           Power      Damage    Failure   Level
a - Sting                 Tmut/Pois      32%        1d4       9%          1

Your spell library contained the following spells:

 Spells                   Type           Power      Damage    Failure   Level
 Poisonous Vapours        Pois/Air       12%        N/A       19%         2
 Mephitic Cloud           Conj/Pois/Air  4%         N/A       41%         3
 Olgreb's Toxic Radiance  Pois           10%        N/A       54%         4


Dungeon Overview and Level Annotations

Branches:
Dungeon (2/15)

Altars:
Jiyva


Message History

Casting: Sting (safe; 9% risk of failure)
Confirm with . or Enter, or press ? or * to list all spells.
Aiming: Sting (safe; 9% risk of failure)
Press: ? - help, Shift-Dir - straight line, f - bat
Aim: a bat (52% to hit)
The sting hits the bat but does no damage.
The bat is poisoned.
The bat hits you but does no damage.
Casting: Sting (safe; 9% risk of failure)
Confirm with . or Enter, or press ? or * to list all spells.
Aiming: Sting (safe; 9% risk of failure)
Press: ? - help, Shift-Dir - straight line, f/p - bat
Aim: a bat (poisoned, 52% to hit)
The sting hits the bat but does no damage.
The bat looks even sicker.
The bat hits you but does no damage. The bat misses you.
The bat closely misses you.
You see here 5 gold pieces.
You now have 26 gold pieces (gained 5).
The bat hits you but does no damage. The bat hits you. The bat hits you.
The bat completely misses you.
You kill the bat!
You hear a distant slurping noise.
Casting: Sting (safe; 9% risk of failure)
Confirm with . or Enter, or press ? or * to list all spells.
You can't see any susceptible monsters within range! (Use Z to cast anyway.)
Found a pair of boots.
Found a stone staircase leading down.
Found 18 gold pieces.
You hear a slurping noise.
You hear a slurping noise.
There is a stone staircase leading down here.
You hear a distant slurping noise.
You hear a distant slurping noise.
Found a stone staircase leading down.
There is a stone staircase leading down here.
You climb downwards.
Found 17 gold pieces, 14 stones and a helmet.
Found an escape hatch in the ceiling.
There is a stone staircase leading up here.
A kobold and a quokka come into view.
Found a metallic red potion and a book of Changes.
Found a scroll labelled LIT GOWAYKLIXE and 12 gold pieces.
Found a stone staircase leading up.
The kobold shouts!
You hear a shout!
The dart slug launches a dart at you. The slug dart hits you.
A goblin comes into view. It is wielding a +0 club.
A hobgoblin comes into view.
You see here 9 gold pieces.
You now have 35 gold pieces (gained 9).
The goblin shouts!
The kobold throws a stone.
The stone barely misses you.
The kobold throws a stone.
The stone hits you but does no damage.
Casting: Sting (safe; 9% risk of failure)
Confirm with . or Enter, or press ? or * to list all spells.
Aiming: Sting (safe; 9% risk of failure)
Press: ? - help, Shift-Dir - straight line, f - hobgoblin
Aim: a hobgoblin (68% to hit)
The sting hits the hobgoblin.
The hobgoblin is poisoned.
The hobgoblin is moderately wounded.
You hear a slurping noise.
The kobold throws a stone.
The stone hits you but does no damage. The hobgoblin closely misses you.
Casting: Sting (safe; 9% risk of failure)
Confirm with . or Enter, or press ? or * to list all spells.
Aiming: Sting (safe; 9% risk of failure)
Press: ? - help, Shift-Dir - straight line, f/p - hobgoblin
Aim: a hobgoblin (heavily wounded, poisoned, 68% to hit)
The sting misses the hobgoblin.
The quokka barely misses you. The hobgoblin hits you.
Casting: Sting (safe; 9% risk of failure)
Confirm with . or Enter, or press ? or * to list all spells.
Aiming: Sting (safe; 9% risk of failure)
Press: ? - help, Shift-Dir - straight line, f - quokka, p - hobgoblin
Aim: a quokka (56% to hit)
The sting misses the quokka.
The quokka bites you.
A worm comes into view.
The hobgoblin closely misses you.
You hear a slurping noise.
Unknown command.
The hobgoblin attacks as you move away! The hobgoblin barely misses you.
The dart slug launches a dart at you. The slug dart misses you.
The slug dart hits the goblin.
The quokka barely misses you.
You hear a slurping noise.
There is a stone staircase leading up here.
Casting: Sting (safe; 9% risk of failure)
Confirm with . or Enter, or press ? or * to list all spells.
Aiming: Sting (safe; 9% risk of failure)
Press: ? - help, Shift-Dir - straight line, f - dart slug, p - quokka
Aim: a dart slug (100% to hit)
The sting hits the dart slug.
The dart slug is poisoned.
The dart slug is moderately wounded.
You feel a bit more experienced. The quokka bites you.
The dart slug launches a dart at you. The slug dart hits you.
* * * LOW HITPOINT WARNING * * *
The dart slug launches a dart at you. The slug dart hits you.
You die...

.. #. ######..
#######....J.
#.......#.<#
#.........######
#...............
#.....w.@#
####.....gr.#
........K.###
..........#
...........!?...
$..........#####
........$....
<...[.....###..
........... #


You could see a dart slug (poisoned), a quokka, a goblin, a kobold and a neutral
endoplasm (wandering) (fellow slime).

Vanquished Creatures
  2 bats (D:1)
  A hobgoblin (D:2)
  A quokka (D:1)
  A frilled lizard (D:1)
5 creatures vanquished.

Vanquished Creatures (others)
  A hobgoblin (D:1)
1 creature vanquished.

Grand Total: 6 creatures vanquished

Notes
Turn   | Place    | Note
-------+----------+-------------------------------------------
     0 | D:1      | Flugslaktarn the Human Venom Mage began the quest for the
                  | Orb.
     0 | D:1      | Reached XP level 1. HP: 13/13 MP: 3/3
    64 | D:1      | Found a faded altar of an unknown god.
    70 | D:1      | Prayed at the altar of an unknown god.
    70 | D:1      | Became a worshipper of Jiyva Jeylufi the Shapeless
    70 | D:1      | Reached * piety under Jiyva
   162 | D:2      | Killed from afar by a dart slug

Illustrated notes

Levels and vault maps discovered:
D:1:      beargit_arrival_greenhouse, layout_rooms,
          dreamdust_ecumenical_altar_angels_and_demons
D:2:      layout_rooms, serial_bayou_ford_a, uniq_sigmund

Action                   || total
-------------------------++-------
Melee: Unarmed           ||     1
 Cast: Sting             ||    11
Armor: Robe              ||     8
Dodge: Dodged            ||    19

Table legend: (Time is in decaauts)
 A = Elapsed time spent in this place.
 B = Non-inter-level travel time spent in this place.
 C = Inter-level travel time spent in this place.
 D = Time resting spent in this place.
 E = Time spent auto-exploring this place.
 F = Levels seen in this place.
 G = Mean time per level.
                   A        B        C        D        E       F      G
               +--------+--------+--------+--------+--------+-----+--------+
         Total |    161 |    161 |      0 |      0 |      0 |   2 |   80.5 |
       Dungeon |    161 |    161 |      0 |      0 |      0 |   2 |   80.5 |
               +--------+--------+--------+--------+--------+-----+--------+

Top non-repeatable levels by time:
     D:1: 149 daAuts
     D:2: 12 daAuts
